 Dungeon Crawl Stone Soup version 0.32-a0-898-g7811c86cf0 (webtiles) character file.

Game seed: 17611655240444228268

2439492 Ge0ff the Distorting Gargoyle (level 27, 180/184 HPs)
             Began as a Gargoyle Brigand on Apr 4, 2024.
             Was a Believer of Lugonu.
             Escaped with the Orb
             ... and 4 runes!
             The game lasted 03:08:59 (63917 turns).

Ge0ff the Distorting Gargoyle (Gargoyle Brigand)   Turns: 63917, Time: 03:08:59

Health: 180/184    AC: 37    Str: 25    XL:     27
Magic:  30/38      EV: 17    Int: 29    God:    Lugonu [**....]
Gold:   7457       SH: 16    Dex: 20    Spells: 19/46 levels left

rFire   + + +        a - +9 demon trident (distort)
rCold   + . .        p - +2 kite shield {reflect}
rNeg    + . .        x - +2 troll leather armour
rPois   ∞            k - +0 hat of Ysixkeh {rF++ Regen+ Str-3}
rElec   +            Q - +2 cloak of Roel {Regen+ Str+3 Dex+5}
rCorr   .            A - +1 pair of gloves "Wousem" {Rampage Will+ Regen+}
SInv    +            G - +1 pair of boots "Yrghetal" {Str+5 Int+3 Stlth-}
Will    +++++        Y - amulet of Fucaoher {Fly rElec Will+ Regen+ Int+4}
Stlth   +            w - ring "Ustredgh" {rC+ Will+ Str+3 SInv}
HPRegen 3.70/turn    i - ring of Accord {rF+ Will+ Str-3 Int+5, =R}
MPRegen 0.26/turn

%: reflection, rampage
@: flying, very slightly contaminated, hasted (expiring), studying 2 skills,
very quick
A: sickness immunity, AC +20, big wings, negative energy resistance 1,
electricity resistance, torment resistance 1, petrification resistance,
screaming 1
0: Orb of Zot
}: 4/15 runes: decaying, silver, abyssal, gossamer
a: Renounce Religion, Depart the Abyss, Banish


You escaped.
You worshipped Lugonu.
Lugonu was pleased with you.
You visited 11 branches of the dungeon, and saw 49 of its levels.
You visited the Abyss 1 time.
You also visited: Trove, Ossuary, Bailey, Gauntlet and Ice Cave.

You collected 13052 gold pieces.
You spent 5595 gold pieces at shops.

Inventory:

Hand Weapons
 a - a +9 demon trident of distortion (weapon)
 b - a +3 vampiric demon trident
 h - the +5 Force Lance {heavy, knockback}
   (You found it on level 3 of the Dungeon)
 D - a +5 heavy demon trident
Missiles
 c - 2 darts of dispersal
 f - a boomerang (quivered)
 g - 2 throwing nets {=F}
 v - 16 curare-tipped darts {=F}
 L - 10 javelins
 Z - 5 silver javelins
Armour
 k - the +0 hat of Ysixkeh (worn) {rF++ Regen+ Str-3}
   (You found it on level 2 of the Swamp)

   Str-3:     It affects your strength (-3).
   rF++:      It greatly protects you from fire.
   Regen+:    It increases your rate of health regeneration.
 p - a +2 kite shield of reflection (worn)
 x - a +2 troll leather armour (worn)
 y - the +1 pair of boots of the Moon Troll {rF+ Will+ Int+3}
   (You found it in a treasure trove)

   Int+3:     It affects your intelligence (+3).
   rF+:       It protects you from fire.
   Will+:     It increases your willpower.
 A - the +1 pair of gloves "Wousem" (worn) {Rampage Will+ Regen+}
   (You found it on level 2 of the Vaults)

   Will+:     It increases your willpower.
   Regen+:    It increases your rate of health regeneration.
   Rampage:   It bestows one free step when moving towards enemies.
 G - the +1 pair of boots "Yrghetal" (worn) {Str+5 Int+3 Stlth-}
   (You found it in a treasure trove)

   Str+5:     It affects your strength (+5).
   Int+3:     It affects your intelligence (+3).
   Stlth-:    It makes you less stealthy.
 Q - the +2 cloak of Roel (worn) {Regen+ Str+3 Dex+5}
   (You found it on level 15 of the Dungeon)

   Str+3:     It affects your strength (+3).
   Dex+5:     It affects your dexterity (+5).
   Regen+:    It increases your rate of health regeneration.
Jewellery
 e - an amulet of faith
 i - the ring of Accord (right hand) {rF+ Will+ Str-3 Int+5, =R}
   (You found it on level 2 of the Swamp)

   [ring of protection from fire]

   Str-3:     It affects your strength (-3).
   Int+5:     It affects your intelligence (+5).
   rF+:       It protects you from fire.
   Will+:     It increases your willpower.
 w - the ring "Ustredgh" (left hand) {rC+ Will+ Str+3 SInv}
   (You took it off a vault warden on level 5 of the Vaults)

   [ring of see invisible]

   Str+3:     It affects your strength (+3).
   rC+:       It protects you from cold.
   Will+:     It increases your willpower.
   SInv:      It lets you see invisible.
 Y - the amulet of Fucaoher (around neck) {Fly rElec Will+ Regen+ Int+4}
   (You bought it in a shop on level 3 of the Elven Halls)

   [amulet of regeneration]

   Int+4:     It affects your intelligence (+4).
   rElec:     It insulates you from electricity.
   Will+:     It increases your willpower.
   Fly:       It grants you flight.
   Regen+:    It increases your rate of health regeneration.
Wands
 d - a wand of digging (1)
 j - a wand of acid (5)
 r - a wand of roots (24)
 s - a wand of mindburst (20)
 P - a wand of polymorph (30)
Scrolls
 m - 3 scrolls of revelation
 B - 3 scrolls of blinking
 C - 13 scrolls of poison
 E - 8 scrolls of fear
 F - 15 scrolls of fog
 J - a scroll of silence {!r}
 S - 2 scrolls of butterflies
 T - 14 scrolls of teleportation
 V - 7 scrolls of vulnerability
Potions
 o - 5 potions of ambrosia
 q - 18 potions of curing
 u - 7 potions of mutation {!q}
 z - 14 potions of brilliance
 H - a potion of haste {!q}
 I - 3 potions of invisibility
 K - 4 potions of magic {!q}
 M - 7 potions of might
 N - 2 potions of cancellation {!q}
 R - 5 potions of resistance
 W - 14 potions of heal wounds {!q}
 X - 7 potions of enlightenment
Miscellaneous
 l - a lightning rod (4/4)
 n - a phial of floods
 t - a tin of tremorstones (2/2)
 O - a sack of spiders
 U - a phantom mirror


   Skills:
 - Level 22.0 Fighting
 - Level 3.5 Short Blades
 - Level 14.0 Polearms
 - Level 6.0 Throwing
 + Level 18.3 Armour
 + Level 10.2 Dodging
 + Level 5.7 Stealth
 - Level 15.0 Shields
 - Level 10.0 Spellcasting
 - Level 10.0 Conjurations
 - Level 10.0 Hexes
 + Level 10.7 Translocations
 - Level 10.0 Air Magic
 - Level 10.0 Alchemy
 - Level 22.1 Invocations
 - Level 15.0 Evocations


You had 19 spell levels left.
You knew the following spells:

 Your Spells              Type           Power      Damage    Failure   Level
g - Apportation           Tloc           100%       N/A       1%          1
s - Gell's Gavotte        Tloc           33%        2d(26-39) 11%         6
y - Yara's Violent Unrav  Hex/Alch       32%        3d13      2%          5
B - Blink                 Tloc           100%       N/A       1%          2
C - Maxwell's Portable P  Tloc           67%        2d(11-33) 1%          3
E - Irradiate             Conj/Alch      32%        3d22      2%          5
I - Silence               Hex/Air        32%        N/A       2%          5

Your spell library contained the following spells:

 Spells                   Type           Power      Damage    Failure   Level
 Foxfire                  Conj/Fire      100%       2x1d9     1%          1
 Magic Dart               Conj           100%       1d8       1%          1
 Sting                    Conj/Alch      100%       1d9       1%          1
 Ensorcelled Hibernation  Hex/Ice        86%        N/A       1%          2
 Jinxbite                 Hex            100%       N/A       1%          2
 Lesser Beckoning         Tloc           100%       N/A       1%          2
 Mercury Vapours          Alch/Air       100%       N/A       1%          2
 Momentum Strike          Conj/Tloc      100%       3d10      1%          2
 Searing Ray              Conj           100%       2d8       1%          2
 Static Discharge         Conj/Air       100%       3-8/arc   1%          2
 Confusing Touch          Hex            64%        N/A       1%          3
 Mephitic Cloud           Conj/Alch/Air  64%        N/A       1%          3
 Sigil of Binding         Hex            64%        N/A       1%          3
 Teleport Other           Tloc           67%        N/A       1%          3
 Airstrike                Air            32%        2d(5-21)  1%          4
 Cause Fear               Hex            32%        N/A       1%          4
 Dimensional Bullseye     Hex/Tloc       32%        N/A       1%          4
 Fulminant Prism          Conj/Alch      32%        3d15      1%          4
 Olgreb's Toxic Radiance  Alch           64%        N/A       1%          4
 Vhi's Electric Charge    Tloc/Air       100%       N/A       1%          4
 Hailstorm                Conj/Ice       43%        3d9       2%          3
 Stone Arrow              Conj/Erth      86%        3d12      2%          3
 Alistair's Intoxication  Alch           42%        N/A       2%          5
 Arcjolt                  Conj/Air       32%        1d42      2%          5
 Iskenderun's Battlesphe  Conj           64%        2d11      2%          5
 Freeze                   Ice            56%        1d7       6%          1
 Necrotise                Necr           56%        1d6       6%          1
 Sandblast                Erth           28%        2d8       6%          1
 Summon Small Mammal      Summ           56%        N/A       6%          1
 Anguish                  Hex/Necr       21%        N/A       8%          4
 Brom's Barrelling Bould  Conj/Erth      43%        2d6       8%          4
 Flame Wave               Conj/Fire      43%        2d11      8%          4
 Ignite Poison            Fire/Alch      43%        N/A       8%          4
 Leda's Liquefaction      Alch/Erth      21%        N/A       8%          4
 Petrify                  Alch/Erth      43%        N/A       8%          4
 Sticky Flame             Fire/Alch      43%        2d8       8%          4
 Summon Lightning Spire   Summ/Air       43%        N/A       8%          4
 Call Imp                 Summ           28%        N/A       9%          2
 Scorch                   Fire           28%        2d6       9%          2
 Freezing Cloud           Conj/Ice/Air   26%        6-21      11%         5
 Dispersal                Tloc           33%        N/A       11%         6
 Conjure Ball Lightning   Conj/Air       32%        3x3d10    14%         6
 Eringya's Noxious Bog    Alch           32%        4d6       14%         6
 Call Canine Familiar     Summ           14%        N/A       17%         3
 Frozen Ramparts          Ice            28%        1d5       17%         3
 Fugue of the Fallen      Necr           14%        N/A       17%         3
 Ozocubu's Armour         Ice            14%        N/A       17%         3
 Vampiric Draining        Necr           14%        2d7       17%         3
 Fireball                 Conj/Fire      21%        3d10      21%         5
 Metabolic Englaciation   Hex/Ice        21%        N/A       21%         5
 Animate Dead             Necr           14%        N/A       50%         4
 Dispel Undead            Necr           14%        3d10      50%         4
 Martyr's Knell           Necr/Summ      14%        N/A       50%         4
 Summon Blazeheart Golem  Fire/Summ      14%        N/A       50%         4
 Manifold Assault         Tloc           33%        N/A       52%         7
 Orb of Destruction       Conj           32%        9d10      63%         7
 Bombard                  Conj/Erth      21%        9d4       75%         6
 Plasma Beam              Fire/Air       21%        2x1d33    75%         6
 Starburst                Conj/Fire      21%        6d7       75%         6
 Borgnjor's Vile Clutch   Necr/Erth      7%         N/A       85%         5
 Curse of Agony           Necr           14%        N/A       85%         5
 Malign Gateway           Summ/Tloc      22%        N/A       99%         7
 Spellforged Servitor     Conj/Summ      21%        N/A       99%         7
 Death Channel            Necr           7%         N/A       100%        6
 Summon Cactus Giant      Summ           7%         N/A       100%        6
 Haunt                    Necr/Summ      7%         N/A       100%        7
 Summon Hydra             Summ           7%         N/A       100%        7
 Borgnjor's Revivificati  Necr           7%         N/A       100%        8
 Ignition                 Fire           7%         3d4       100%        8
 Chain Lightning          Conj/Air       32%        3d42      100%        9
 Death's Door             Necr           7%         N/A       100%        9
 Dragon's Call            Summ           7%         N/A       100%        9
 Fire Storm               Conj/Fire      21%        8d6       100%        9
 Shatter                  Erth           7%         3d9*      100%        9
 Cigotuvi's Dreadful Rot  Necr/Alch/Air  Unusable   N/A       N/A         2
 Sublimation of Blood     Necr           Unusable   N/A       N/A         2

Dungeon Overview and Level Annotations

Branches:
Dungeon (15/15)            Temple (1/1) D:6            Lair (5/5) D:9
  Swamp (4/4) Lair:2       Spider (4/4) Lair:3        Slime (0/5) Lair:5
    Orc (2/2) D:10            Elf (3/3) Orc:2        Vaults (5/5) D:13
  Crypt (0/3) Vaults:2     Depths (4/4) D:15           Hell (visited)
    Zot (5/5) Depths:4    Ossuary (visited)          Bailey (visited)
  IceCv (visited)         Gauntlet (visited)
    Dis: Hell:1         Geh: Hell:1         Coc: Hell:1         Tar: Hell:1

Altars:
Ashenzari
Cheibriados
Dithmenos
Elyvilon
Fedhas
Gozag
Hepliaklqana
Kikubaaqudgha
Makhleb
Nemelex Xobeh
Okawaru
Qazlal
Ru
Sif Muna
Trog
Uskayaw
Vehumet
Wu Jian
Xom
Yredelemnul
Zin
The Shining One
Beogh
Jiyva
Lugonu

Shops:
D:5 *   D:8 *   D:12 (   Orc:2 [?[=   Elf:1 :   Elf:3 ==:   Vaults:1 *
Vaults:2 :

Portals:
Hell: Depths:1 Depths:2 Depths:3 Depths:4
Abyss: Depths:3
Pandemonium: Depths:1 Depths:2
Ziggurat: Depths:1

Annotations:
Swamp:2 corrupted
Swamp:4 corrupted
Elf:3 corrupted
Vaults:5 corrupted
Hell corrupted
Zot:5 corrupted
Abyss:1 Azrael; Heidiaz's ghost, adept MfBe; Jorgrun; Louise; Taqeg's ghost, journeyman MfSh


Innate Abilities, Weirdness & Mutations

You are immune to sickness and miasma.
Your stone body is resilient. (AC +20)
You are immune to poison.
Your large and strong wings let you fly.
You resist negative energy. (rN+)
You are resistant to electric shocks. (rElec)
You are resistant to unholy torment.
You are immune to petrification.
You occasionally shout uncontrollably at your foes.


Message History

You feel a surge of divine interest.
e - an amulet of faith (around neck)
You start removing your amulet.
You continue removing your amulet of faith. x4
You finish removing your amulet of faith.
Lugonu seems less interested in you.
You feel less pious.
You can no longer gate yourself to the Abyss.
You reach to attack!
You skewer the Orb Guardian like a kebab!!!
Space warps horribly around the Orb Guardian!
The Orb Guardian is heavily wounded.
You skewer the Orb Guardian like a kebab!!!
You kill the Orb Guardian!
Lugonu accepts your kill.
You start putting on your amulet.
You continue putting on your amulet of faith. x5
You finish putting on your amulet of faith.
You feel a surge of divine interest.
e - an amulet of faith (around neck)
You block the tormentor's attack. The tormentor closely misses you.
There is a staircase leading out of the dungeon here.
Casting: Irradiate (mildly dangerous; 3% risk of failure)
Confirm with . or Enter, or press ? or * to list all spells.
You erupt in a fountain of uncontrolled magic!
The tormentor is blasted with magical radiation!!
The tormentor is heavily wounded.
The tormentor twists and deforms.
You are very lightly contaminated with residual magic.
The tormentor calls on the powers of darkness!
Your body is wracked with pain!
Casting: Irradiate (mildly dangerous; 3% risk of failure)
Confirm with . or Enter, or press ? or * to list all spells.
You erupt in a fountain of uncontrolled magic!
The tormentor is blasted with magical radiation!!
You kill the tormentor!
Lugonu accepts your kill.
You start removing your amulet.
You continue removing your amulet of faith. x4
You finish removing your amulet of faith.
Lugonu seems less interested in you.
You feel less pious.
You start putting on your amulet.
You continue putting on the amulet of Fucaoher {Fly rElec Will+ Regen+ Int+4}. x5
You finish putting on the amulet of Fucaoher {Fly rElec Will+ Regen+ Int+4}.
You feel clever.
You feel rather light.
Y - the amulet of Fucaoher (around neck) {Fly rElec Will+ Regen+ Int+4} The amulet of Fucaoher cannot attune itself to your injured body.
Your extra speed is starting to run out.
There is a staircase leading out of the dungeon here.
You have escaped!

###.### ###.##.......#### #.####
##########.# ####.##>### ###>###
#...##....### ###....######
#.###..⌠....#####....⌠..##..#
#.##.....⌠....#....⌠.....##.#
###.##..⌠....⌠.....⌠....⌠..##.###
#....#.....................#....#
#.#.########....@....########.#.#
#.#...## ####...#### ##.#.#.#
.....#.## ##...## #....#..
#.......# ##..⌠).## ##.#####
#.##.#..#####.......## ##.##
#.........##..⌠...⌠..#####...####
#.#####.#.......⌠.......#>.......
#.#####.#####.......###........#.
#.......###.#########.##.......#.


There were no monsters in sight!

Vanquished Creatures
  A dread lich (Vaults:4)
  2 orbs of fire (Zot:5)
  3 ancient liches
  Mara (Depths:1)
  A juggernaut (Depths:4)
  Sojobo (Depths:1)
  5 Killer Klowns (Zot:5)
  Saint Roka (Vaults:4)
  A curse toe (Zot:4)
  Margery (Depths:3)
  Nikola (Depths:1)
  Norris (Vaults:1)
  8 golden dragons
  2 electric golems
  A hellephant (Depths:3)
  9 tentacled monstrosities
  4 liches
  A quicksilver dragon (Zot:3)
  18 Orb Guardians
  11 titans
  A deep elf master archer (Elf:3)
  A deep elf blademaster (Elf:2)
  A sphinx (Depths:1)
  5 death cobs
  10 tengu reavers
  Frances (D:13)
  11 shadow dragons
  7 storm dragons
  Donald (Swamp:2)
  The ghost of picklenugget the Basher, a journeyman OnWr of Uskayaw (Lair:5)
  Aizul (Spider:2)
  5 iron dragons
  6 fire giants
  5 draconian shifters
  4 draconian knights
  8 frost giants
  A deep elf sorcerer (Elf:3)
  5 draconian monks
  4 emperor scorpions (Spider:4)
  3 ghost moths (Spider:4)
  A balrug (Hell)
  4 spectral juggernauts (Depths:2)
  21 vault wardens
  3 deep elf elementalists
  2 spectral caustic shrikes (Depths:2)
  A reaper (Hell)
  2 draconian annihilators
  4 draconian stormcallers
  3 orc warlords
  6 ironbound thunderhulks
  2 draconian scorchers
  14 ironbound preservers
  15 stone giants
  6 deep elf demonologists
  6 deep elf death magi
  A formless jellyfish (Vaults:3)
  16 very ugly things
  2 green draconians
  2 spriggan defenders (Depths:4)
  5 black draconians
  4 vampire knights
  An eleionoma (Swamp:3)
  3 white draconians
  10 yellow draconians
  5 deep elf annihilators
  3 purple draconians (Zot:4)
  3 spark wasps
  4 spectral titans (Depths:2)
  3 war gargoyles
  4 bunyips
  16 dire elephants
  6 ettins
  8 red draconians
  Snorg (Orc:1)
  3 eidola (Depths:2)
  5 entropy weavers
  2 merfolk impalers
  20 yaktaur captains
  A crystal guardian (Vaults:4)
  2 shambling mangroves
  A merfolk javelineer (Depths:1)
  3 fire dragons
  3 ice dragons
  3 deep elf high priests
  A salamander tyrant (Depths:3)
  The ghost of FelidarSovereign the Mimic, a journeyman DrSh of Ru (D:11)
  32 vault guards
  3 great orbs of eyes
  A hell beast (Gauntlet)
  A great orb of eyes (shapeshifter) (Depths:4)
  Harold (D:9)
  3 rakshasas
  20 hydras
  A spectral shadow dragon (Depths:2)
  Erolcha (D:11)
  2 spriggan air magi (Depths:3)
  4 catoblepae
  A ghost crab (Swamp:2)
  2 caustic shrike simulacra
  2 spectral sphinxes (Depths:2)
  3 radroaches
  7 ironbound frosthearts
  An alligator (shapeshifter) (Elf:1)
  A peacekeeper (Vaults:4)
  Erica (Orc:1)
  3 jorogumos
  12 alligators
  21 two-headed ogres
  4 boulder beetles
  19 centaur warriors
  6 ogre magi
  20 dancing weapons
  4 tengu warriors
  16 death yaks
  3 deep troll shamans
  7 vampire magi (Depths:2)
  2 spectral fire giants (Depths:2)
  A deep troll earth mage (Depths:4)
  13 deep elf knights
  2 hell hogs (Depths:1)
  4 demonic crawlers
  5 spriggan berserkers
  A titan zombie (Depths:2)
  9 hell knights
  2 soul eaters (Depths:2)
  An occultist (Depths:3)
  An orc high priest (Elf:3)
  An iron troll (Depths:4)
  2 sun demons (Hell)
  2 wretched stars (Abyss:3)
  2 skeletal warriors
  Nergalle (Orc:1)
  11 spriggans
  2 skysharks
  A spectral spark wasp (Depths:2)
  2 shadow wraiths (Vaults:5)
  A sun moth (Spider:3)
  3 pharaoh ants
  A sixfirhy (Zot:2)
  2 death drakes
  6 goliath frogs
  5 flayed ghosts
  6 arcanists
  15 swamp dragons
  A spectral iron dragon (Depths:2)
  7 deep elf archers
  2 spriggan druids
  5 glowing orange brains
  2 glowing orange brains (shapeshifter)
  A spriggan simulacrum (Depths:2)
  An orange crystal statue (Depths:2)
  6 orb spiders
  36 deep trolls
  2 thermic dynamos
  9 lindwurms
  8 bog bodies
  2 golden dragon skeletons (Depths:2)
  16 necromancers
  2 obsidian bats
  12 harpies
  28 deep elf pyromancers
  A wolf spider zombie (Gauntlet)
  A sphinx simulacrum (Depths:2)
  15 ironbound convokers
  9 phantasmal warriors
  8 steelbarb worms
  37 ugly things
  22 deep elf zephyrmancers
  14 wolf spiders
  5 will-o-the-wisps
  5 orc knights
  2 orc sorcerers
  A frost giant zombie (Depths:1)
  13 moths of wrath
  A draconian (Abyss:3)
  3 salamanders (Depths:3)
  4 cyclopes
  23 elephants
  An iron dragon skeleton (Depths:1)
  8 manticores
  A spectral centaur (Gauntlet)
  Maurice (D:7)
  3 meliai
  A steelbarb worm (shapeshifter) (Vaults:5)
  A meliai (shapeshifter) (Depths:3)
  A kobold blastminer (Orc:1)
  Joseph (D:8)
  A water nymph (shapeshifter) (Vaults:5)
  6 rust devils
  22 vault sentinels
  An eye of devastation (Gauntlet)
  A molten gargoyle (Lair:2)
  6 black mambas
  6 gargoyles
  A moth of wrath (shapeshifter) (Vaults:5)
  3 torpor snails
  2 titan simulacra (Depths:2)
  4 orange demons (Orc:2)
  13 cane toads
  A large abomination (Abyss:3)
  9 komodo dragons
  An efreet (D:3)
  8 freezing wraiths
  5 rime drakes
  32 yaktaurs
  4 kobold demonologists
  2 minotaur zombies (Gauntlet)
  A tormentor (D:1)
  3 anaconda simulacra (IceCv)
  2 spectral glowing shapeshifters (Depths:2)
  A merfolk (shapeshifter) (Vaults:4)
  8 tengu conjurers
  5 golden dragon simulacra
  Psyche (Abyss:3)
  A queen bee (shapeshifter) (Elf:1)
  3 shadow dragon simulacra (Depths:2)
  5 polar bears
  2 bloated husks
  A hornet (shapeshifter) (D:11)
  A polar bear (shapeshifter) (Vaults:5)
  4 tengu simulacra (Depths:2)
  12 tyrant leeches
  6 blink frogs
  3 glass eyes
  2 alligator simulacra (IceCv)
  6 trolls
  14 hornets
  13 tarantellas
  A raiju (shapeshifter) (Vaults:5)
  30 jumping spiders
  30 slime creatures
  4 vampires
  An air elemental (Elf:3)
  Sigmund (D:3)
  16 culicivoras
  5 wyverns
  12 water elementals
  2 wraiths
  40 yaks
  3 dire elephant simulacra (IceCv)
  A shadow (D:9)
  Eustachio (D:5)
  8 fire elementals
  A golden eye (Gauntlet)
  64 redbacks
  4 basilisks
  3 steam dragons
  A redback (shapeshifter) (Vaults:5)
  3 wargs
  An acid dragon (shapeshifter) (Vaults:5)
  8 vampire mosquitoes
  11 swamp worms
  4 acid dragons
  16 water moccasins
  Duvessa (D:5)
  A water moccasin (shapeshifter) (Elf:1)
  A glowing shapeshifter skeleton (Vaults:2)
  6 hell hounds
  6 swamp drakes (Swamp:4)
  3 ice beasts
  31 orc warriors
  A black bear (D:4)
  22 wolves
  4 boggarts (D:15)
  A laughing skull (Abyss:3)
  29 ogres
  21 centaurs
  3 kobold brigands
  Blork the orc (D:5)
  7 bullfrogs
  9 scorpions
  A water moccasin zombie (Ossuary)
  Dowan (D:5)
  16 wights
  A lindwurm simulacrum (IceCv)
  14 killer bees
  4 electric eels
  2 howler monkeys (D:12)
  A bullfrog zombie (Ossuary)
  7 jellies
  3 centaur zombies
  6 hounds
  2 bombardier beetles
  16 orc priests
  A boggart zombie (Gauntlet)
  4 iguanas
  19 orc wizards
  A scorpion zombie (Ossuary)
  4 hell rats (Lair:3)
  4 ogre zombies (Ossuary)
  A mummy (D:4)
  11 adders
  8 river rats (Lair:3)
  3 gnolls (Bailey)
  A river rat (shapeshifter) (Vaults:5)
  2 shadow imps (D:7)
  2 white imps
  2 ufetubi (D:6)
  An adder zombie (Ossuary)
  A ribbon worm (D:2)
  60 orcs
  5 bats
  7 endoplasms
  4 giant cockroaches
  24 goblins
  16 hobgoblins
  3 jackals (D:1)
  6 quokkas
  6 ball pythons
  A frilled lizard (D:1)
  A gnoll zombie (Ossuary)
  A goblin zombie (Ossuary)
  3 hobgoblin zombies (Ossuary)
  29 kobolds
  4 orc zombies (Ossuary)
  16 rats
  A spectral goblin (D:2)
1980 creatures vanquished.

Vanquished Creatures (collateral kills)
  A storm dragon (Zot:4)
  A deep elf sorcerer (Vaults:5)
  A vault warden (Vaults:5)
  A deep elf death mage (Depths:3)
  A red draconian (Zot:3)
  A white draconian (Zot:3)
  A black draconian (Zot:4)
  A purple draconian (Zot:5)
  A yellow draconian (Zot:3)
  A hell knight (Depths:3)
  An occultist (Depths:2)
  A moth of wrath (Zot:3)
  An acid dragon (D:9)
  2 kobold brigands (D:9)
  A gnoll sergeant (D:9)
  A gnoll bouda (D:9)
  3 kobolds (D:9)
20 creatures vanquished.

Vanquished Creatures (others)
  Geryon (Hell)
  8 Orb Guardians (Zot:5)
  2 deep elf blademasters (Elf:3)
  3 deep elf master archers (Elf:3)
  2 ancient champions (Hell)
  A death cob (Zot:5)
  Roxanne (Swamp:4)
  A fire giant (Vaults:5)
  A draconian monk (Depths:4)
  A revenant (Hell)
  2 balrugs (Hell)
  4 deep elf sorcerers (Elf:3)
  2 vault wardens
  4 deep elf elementalists (Elf:3)
  2 draconian scorchers
  A draconian annihilator (Zot:5)
  3 reapers (Hell)
  A green draconian (Zot:5)
  2 vampire knights (Hell)
  A lorocyproca (Hell)
  4 deep elf demonologists (Elf:3)
  3 white draconians
  3 deep elf death magi (Elf:3)
  2 deep elf annihilators (Elf:3)
  2 spark wasps (Depths:2)
  A black draconian (Zot:5)
  2 blizzard demons (Hell)
  2 deep elf high priests (Elf:3)
  4 vault guards (Vaults:5)
  An ogre mage (Vaults:5)
  An orc high priest (Elf:3)
  2 demonic crawlers (Hell)
  A deep troll earth mage (Vaults:5)
  6 hell hogs (Hell)
  9 sun demons (Hell)
  5 soul eaters (Hell)
  5 skeletal warriors (Hell)
  An orb spider (shapeshifter) (Vaults:5)
  An alligator zombie (Hell)
  An orange crystal statue (Zot:5)
  An ironbound convoker (Vaults:5)
  A deep elf zephyrmancer (Elf:3)
  A phantasmal warrior (Hell)
  A deep elf pyromancer (Elf:3)
  2 moths of wrath (Zot:5)
  6 rust devils (Hell)
  A yaktaur (Vaults:5)
  7 ice devils (Hell)
  An anaconda simulacrum (Hell)
  2 hydra zombies (Hell)
  A bloated husk (Swamp:3)
  A hydra skeleton (Hell)
  A wyvern (D:9)
  A warg (Elf:3)
  6 swamp worms (Swamp:2)
  5 hell hounds (Hell)
  A swamp drake (Swamp:4)
  An ogre (Orc:2)
  An orc wizard (Elf:3)
  2 orcs (Elf:3)
  24 foxfires
  59 starspawn tentacles
225 creatures vanquished.

Grand Total: 2225 creatures vanquished

Notes
Turn   | Place    | Note
-------+----------+-------------------------------------------
     0 | D:1      | Ge0ff the Gargoyle Brigand began the quest for the Orb.
     0 | D:1      | Reached XP level 1. HP: 12/12 MP: 1/1
   150 | D:1      | Reached XP level 2. HP: 17/17 MP: 2/2
   715 | D:1      | Reached XP level 3. HP: 22/22 MP: 3/3
  1091 | D:2      | Reached skill level 1 in Dodging
  1151 | D:2      | Reached XP level 4. HP: 28/28 MP: 4/4
  1249 | D:2      | Reached skill level 1 in Armour
  1719 | D:2      | Found a faded altar of an unknown god.
  1752 | D:2      | Prayed at the altar of an unknown god.
  1752 | D:2      | Became a worshipper of Lugonu the Unformed
  1752 | D:2      | Reached * piety under Lugonu
  1831 | D:3      | Found the +5 Force Lance {heavy, knockback}
  1832 | D:3      | Found a burning altar of Makhleb.
  1836 | D:3      | Found a sparkling altar of Nemelex Xobeh.
  1837 | D:3      | Found a hide-covered altar of Uskayaw.
  1847 | D:3      | Found a shimmering blue altar of Sif Muna.
  1984 | D:2      | Reached skill level 1 in Polearms
  1997 | D:3      | Reached XP level 5. HP: 13/32 MP: 5/5
  2183 | D:3      | Noticed a water moccasin
  2217 | D:3      | Noticed Sigmund
  2229 | D:3      | Killed Sigmund
  2230 | D:3      | Reached XP level 6. HP: 31/37 MP: 6/6
  2291 | D:3      | Found a stormy altar of Qazlal.
  2293 | D:3      | Noticed a fire elemental
  2294 | D:3      | Noticed an air elemental
  2294 | D:3      | Noticed a water elemental
  2839 | D:3      | Killed a water moccasin
  2839 | D:3      | Reached ** piety under Lugonu
  2840 | D:3      | Reached skill level 5 in Polearms
  2840 | D:3      | Reached XP level 7. HP: 41/41 MP: 7/7
  2987 | D:4      | Found a sand-covered staircase.
  3000 | Ossuary  | Entered an ossuary
  3237 | Ossuary  | Reached XP level 8. HP: 46/46 MP: 8/8
  3254 | Ossuary  | Noticed a silent spectre
  3384 | D:4      | You are sucked into a shaft and drop 1 floor!
  3384 | D:5      | Entered Level 5 of the Dungeon
  3397 | D:5      | Found an opulent altar of Gozag.
  3400 | D:5      | Found Gozag's Platinum Reserve.
  3474 | D:5      | Reached skill level 1 in Evocations
  3515 | D:5      | Noticed Eustachio
  3540 | D:5      | Killed Eustachio
  3569 | D:5      | Noticed Dowan
  3755 | D:5      | Reached *** piety under Lugonu
  3829 | D:4      | Reached XP level 9. HP: 50/50 MP: 9/9
  3841 | D:4      | Found an ancient bone altar of Kikubaaqudgha.
  3841 | D:4      | Found a blossoming altar of Fedhas.
  4191 | D:5      | Noticed Blork the orc
  4311 | D:5      | Killed Blork the orc
  4375 | D:5      | Reached skill level 1 in Invocations
  4662 | D:5      | Noticed Duvessa
  4664 | D:5      | Killed Dowan
  4669 | D:5      | Killed Duvessa
  4893 | D:5      | Found a bloodstained altar of Trog.
  5341 | D:6      | Found a staircase to the Ecumenical Temple.
  5370 | Temple   | Entered the Ecumenical Temple
  5663 | D:7      | Noticed Maurice
  5689 | D:7      | Something stole 365 gold
  5690 | D:7      | Something stole a +2 heavy dire flail
  5699 | D:7      | Killed Maurice
  5700 | D:7      | Reached skill level 10 in Polearms
  5747 | D:7      | Found a flagged portal.
  5760 | Bailey   | Entered a bailey
  5805 | Bailey   | Reached skill level 5 in Fighting
  5844 | Bailey   | Reached **** piety under Lugonu
  5860 | Bailey   | Reached XP level 10. HP: 43/59 MP: 13/13
  6248 | Bailey   | Noticed an orc knight
  6268 | Bailey   | Killed an orc knight
  6269 | Bailey   | Reached skill level 5 in Invocations
  6442 | Bailey   | Noticed an orc warlord
  6465 | Bailey   | Killed an orc warlord
  6557 | Bailey   | Acquired 1026 gold pieces
  6568 | Bailey   | Got Fofutam's Excursus on Dead Melanosis
  6921 | D:7      | Found a snail-covered altar of Cheibriados.
  7742 | D:8      | Noticed Psyche
  7931 | D:8      | Banished Psyche
  8012 | D:8      | Found Aguluow's Assorted Antiques.
  8019 | D:8      | Bought a scroll labelled ZAREOK EVUANWI for 30 gold pieces
  8019 | D:8      | Bought a clear potion for 27 gold pieces
  8019 | D:8      | Bought a black potion for 27 gold pieces
  8097 | D:8      | Noticed Joseph
  8109 | D:8      | Killed Joseph
  8110 | D:8      | Reached XP level 11. HP: 39/63 MP: 16/16
  8591 | D:8      | Noticed a two-headed ogre
  8605 | D:8      | Killed a two-headed ogre
  8971 | D:9      | Learned a level 3 spell: Maxwell's Portable Piledriver
  9093 | D:9      | Noticed a centaur warrior
  9113 | D:9      | Killed a centaur warrior
  9114 | D:9      | Reached skill level 1 in Spellcasting
  9116 | D:9      | Noticed a cyclops
  9149 | D:9      | Reached ***** piety under Lugonu
  9390 | D:9      | Killed a cyclops
  9423 | D:9      | Noticed a six-headed hydra
  9426 | D:9      | Banished a six-headed hydra
  9427 | D:9      | Reached skill level 5 in Translocations
  9561 | D:9      | Found a blossoming altar of Fedhas.
  9662 | D:9      | Found a staircase to the Lair.
  9707 | D:9      | Reached skill level 1 in Shields
  9716 | D:9      | Noticed a green ugly thing
  9742 | D:9      | Killed a green ugly thing
  9857 | D:9      | Noticed a catoblepas
  9875 | D:9      | Killed a catoblepas
  9957 | D:9      | Noticed a boulder beetle
  9976 | D:9      | Killed a boulder beetle
  9977 | D:9      | Reached XP level 12. HP: 34/72 MP: 17/17
 10544 | D:9      | Noticed Harold
 10548 | D:9      | Killed Harold
 10549 | D:9      | Reached skill level 5 in Shields
 10555 | D:9      | Identified the +2 short sword "Omecsatu" {holy, Will+
                  | Stlth+}
 11014 | D:9      | Found a blossoming altar of Fedhas.
 11518 | D:9      | Found a staircase to the Lair.
 11719 | D:10     | Entered Level 10 of the Dungeon
 11732 | D:10     | Acquired 908 gold pieces
 12347 | D:10     | Found a roughly hewn altar of Beogh.
 12347 | D:10     | Found a staircase to the Orcish Mines.
 12759 | D:10     | Noticed a two-headed ogre
 12892 | D:10     | Killed a two-headed ogre
 12996 | D:11     | Found a transporter.
 12996 | D:11     | Noticed a stone giant
 12996 | D:11     | Noticed a boulder beetle
 12997 | D:11     | Noticed a centaur warrior
 12998 | D:11     | Found a transporter.
 13013 | D:11     | Noticed Erolcha
 13219 | D:11     | Killed Erolcha
 13220 | D:11     | Reached skill level 10 in Fighting
 13395 | D:11     | Noticed FelidarSovereign's ghost (journeyman DrSh)
 13400 | D:11     | Noticed a two-headed ogre
 13405 | D:11     | Killed a two-headed ogre
 14133 | D:11     | Noticed a two-headed ogre
 14287 | D:11     | Killed a two-headed ogre
 14408 | D:8      | Bought a scroll of acquirement for 1560 gold pieces
 14408 | D:8      | Acquired 1029 gold pieces
 14410 | D:8      | Bought a scroll of acquirement for 1560 gold pieces
 14410 | D:8      | Acquired 1090 gold pieces
 14466 | Lair:1   | Entered Level 1 of the Lair of Beasts
 14578 | Lair:1   | Found a gate leading to a gauntlet.
 14586 | Gauntlet | Entered a Gauntlet
 14586 | Gauntlet | Found a transporter.
 14631 | Gauntlet | Found a transporter.
 14634 | Gauntlet | Found a transporter.
 14635 | Gauntlet | Found a transporter.
 14637 | Gauntlet | Noticed a tengu warrior
 14643 | Gauntlet | Found a transporter.
 14646 | Gauntlet | Found a transporter.
 14647 | Gauntlet | Found a transporter.
 14657 | Gauntlet | Found a transporter.
 14659 | Gauntlet | Found a transporter.
 14660 | Gauntlet | Found a transporter.
 14667 | Gauntlet | Found a runed translucent door.
 14669 | Gauntlet | Found a transporter.
 14672 | Gauntlet | Found a transporter.
 14673 | Gauntlet | Found a transporter.
 14679 | Gauntlet | Found a runed translucent gate.
 14679 | Gauntlet | Found a runed translucent gate.
 14679 | Gauntlet | Found a runed translucent gate.
 14680 | Gauntlet | Noticed a hell beast
 14681 | Gauntlet | Found a transporter.
 14794 | Gauntlet | Reached XP level 13. HP: 76/83 MP: 18/18
 14983 | Gauntlet | Got the Folio of Transformation and the Flock
 15180 | Gauntlet | Noticed a minotaur
 15188 | Gauntlet | Banished a minotaur
 15994 | Lair:1   | You are sucked into a shaft and drop 1 floor!
 16514 | Lair:2   | Found a blossoming altar of Fedhas.
 17053 | Lair:2   | Gained mutation: Your large and strong wings let you fly.
                  | [Gargoyle growth]
 17053 | Lair:2   | Reached XP level 14. HP: 89/92 MP: 20/20
 17116 | Lair:2   | Found a staircase to the Swamp.
 17470 | Lair:3   | Reached skill level 5 in Armour
 17474 | Lair:3   | Reached skill level 5 in Evocations
 17569 | Lair:3   | Found a hole to the Spider Nest.
 17606 | Lair:3   | Reached ****** piety under Lugonu
 18804 | Lair:4   | Reached skill level 10 in Invocations
 18861 | Lair:4   | Identified a +2 demon trident of distortion (a +0 demon
                  | trident corrupted by Lugonu)
 18861 | Lair:4   | Received a gift from Lugonu
 19771 | Lair:5   | Entered Level 5 of the Lair of Beasts
 19991 | Lair:5   | Reached XP level 15. HP: 96/100 MP: 22/22
 20197 | Lair:5   | Found a viscous altar of Jiyva.
 20199 | Lair:5   | Found a staircase to the Slime Pits.
 20321 | Lair:5   | Identified the +2 cloak "Iraeleih" {rPois MP+9 Str-5
                  | Stlth+}
 20521 | Lair:5   | Found a runed translucent door.
 20524 | Lair:5   | Noticed picklenugget's ghost (journeyman OnWr)
 20585 | Lair:5   | Reached skill level 15 in Fighting
 21074 | Lair:5   | Learned a level 1 spell: Apportation
 21077 | Lair:5   | Learned a level 2 spell: Blink
 21382 | Lair:5   | Killed picklenugget's ghost
 21676 | D:11     | Killed FelidarSovereign's ghost
 21875 | D:12     | Found Haovy's Antique Weapon Boutique.
 21934 | D:12     | Noticed Jorgrun
 21949 | D:12     | Banished Jorgrun
 22522 | D:13     | Found a gate to the Vaults.
 22533 | D:13     | Reached skill level 5 in Throwing
 22630 | D:13     | Found a portal to a secret trove of treasure.
 23359 | D:14     | Noticed Frances
 23377 | D:13     | Reached XP level 16. HP: 112/112 MP: 23/23
 23478 | D:13     | Killed Frances
 23719 | D:14     | Found a bloodstained altar of Trog.
 24080 | D:14     | Noticed Azrael
 24096 | D:14     | Banished Azrael
 24395 | D:15     | Entered Level 15 of the Dungeon
 24466 | D:15     | Found a runed translucent gate.
 24468 | D:15     | Found a runed translucent gate.
 24468 | D:15     | Found a runed translucent gate.
 24469 | D:15     | Found an ancient bone altar of Kikubaaqudgha.
 24469 | D:15     | Noticed a lich
 24469 | D:15     | Noticed a lich
 24469 | D:15     | Noticed a lich
 24469 | D:15     | Noticed a lich
 24471 | D:15     | Noticed Taqeg's ghost (journeyman MfSh)
 24787 | D:15     | Paralysed by an ogre mage for 3 turns
 24910 | D:15     | Found a staircase to the Depths.
 25793 | Orc:1    | Entered Level 1 of the Orcish Mines
 25793 | Orc:1    | Found a roughly hewn altar of Beogh.
 25811 | Orc:1    | Noticed Nergalle
 25826 | Orc:1    | Killed Nergalle
 25994 | Orc:1    | Noticed Erica
 26004 | Orc:1    | Killed Erica
 26278 | Orc:2    | Entered Level 2 of the Orcish Mines
 26426 | Orc:2    | Found a staircase to the Elven Halls.
 26709 | Orc:2    | Reached XP level 17. HP: 97/124 MP: 24/24
 26868 | Orc:2    | Reached skill level 5 in Dodging
 26899 | Orc:2    | Found Tisor's Antique Armour Shoppe.
 26922 | Orc:2    | Found Gopicw's Armour Shop.
 26922 | Orc:2    | Found Kisiof's Magic Scroll Shoppe.
 26922 | Orc:2    | Found Vibb's Jewellery Boutique.
 26981 | Orc:2    | Bought a scroll of immolation for 68 gold pieces
 26983 | Orc:2    | Bought a runed buckler for 255 gold pieces
 26983 | Orc:2    | Bought a heavily runed ring mail for 306 gold pieces
 26983 | Orc:2    | Identified the +5 ring mail of Fortification {Harm Int+3}
                  | (You bought it in a shop on level 2 of the Orcish Mines)
 27127 | Orc:1    | Noticed Snorg
 27135 | Orc:1    | Killed Snorg
 27310 | Orc:2    | Bought a runed cloak for 255 gold pieces
 27500 | Swamp:1  | Entered Level 1 of the Swamp
 27835 | Swamp:1  | Identified the +7 long sword of Extremism {venom, rC+ rN+
                  | Int-4 Dex+3}
 28169 | Swamp:2  | Found a transporter.
 28385 | Swamp:2  | Found a transporter.
 28621 | Swamp:2  | You are sucked into a shaft and drop 1 floor!
 28654 | Swamp:2  | Noticed Donald
 28863 | Swamp:2  | Killed Donald
 29134 | Swamp:2  | Corrupted Swamp:2
 29184 | Swamp:2  | Noticed a tentacled starspawn
 29361 | Swamp:2  | Identified the +0 hat of Ysixkeh {rF++ Regen+ Str-3}
 29377 | Swamp:2  | Identified the ring of Accord {rF+ Will+ Str-3 Int+5}
 29544 | Swamp:3  | Reached XP level 18. HP: 129/129 MP: 26/26
 30146 | Swamp:4  | Entered Level 4 of the Swamp
 30721 | Swamp:4  | Got a decaying rune of Zot
 30783 | Swamp:4  | Noticed Louise
 30800 | Swamp:4  | Banished Louise
 30835 | Swamp:4  | Noticed Roxanne
 31113 | Swamp:4  | Corrupted Swamp:4
 31113 | Swamp:4  | Noticed a bone dragon
 31119 | Swamp:4  | Killed Roxanne
 31124 | Swamp:4  | Noticed a lich
 31365 | Spider:1 | Entered Level 1 of the Spider Nest
 31413 | Spider:1 | Reached skill level 10 in Evocations
 31584 | Spider:1 | Reached skill level 10 in Armour
 32904 | Spider:2 | Identified the serpent talisman of the Mind {Dex+3}
 32904 | Spider:2 | Noticed Aizul
 32922 | Spider:2 | Killed Aizul
 33290 | Spider:2 | Reached XP level 19. HP: 122/131 MP: 29/29
 33961 | Spider:4 | Entered Level 4 of the Spider Nest
 34150 | Spider:4 | Found a glacial archway.
 34160 | IceCv    | Entered an ice cave
 35376 | Spider:4 | Found the +3 hat of Pondering {ponderous, Will+ MP+10
                  | Int+5}
 35614 | Spider:4 | Got a gossamer rune of Zot
 36218 | D:15     | Banished Taqeg's ghost
 36219 | D:15     | Reached skill level 10 in Dodging
 36224 | D:15     | Identified the ring "Hetzo Mioto" {rC+ Str+5}
 36238 | D:15     | Identified the +1 helmet of Gyomas {rN+ Dex+6}
 36244 | D:15     | Identified the +2 cloak of Roel {Regen+ Str+3 Dex+5}
 36346 | D:15     | Reached skill level 15 in Invocations
 36568 | Elf:1    | Entered Level 1 of the Elven Halls
 36785 | Elf:1    | Found Qoedad's Book Boutique.
 37001 | Elf:1    | Identified the +3 scale mail "Afuudeq" {Int+3 Dex+3}
 37071 | Elf:1    | Found a shimmering blue altar of Sif Muna.
 37173 | Elf:1    | Reached XP level 20. HP: 107/123 MP: 31/31
 37480 | Elf:1    | Got Unefogif's Book of Reagents and the Wendigo
 37844 | Elf:2    | Found a runed translucent gate.
 37844 | Elf:2    | Found a runed translucent gate.
 37845 | Elf:2    | Found a runed translucent gate.
 38913 | Elf:3    | Entered Level 3 of the Elven Halls
 38991 | Elf:3    | Found Jofow's Book Shoppe.
 38991 | Elf:3    | Found Waoduzis's Jewellery Boutique.
 38992 | Elf:3    | Found Papt's Jewellery Boutique.
 39005 | Elf:3    | Bought the amulet of Fucaoher {Fly rElec Will+ Regen+
                  | Int+4} for 661 gold pieces
 39326 | Elf:3    | Corrupted Elf:3
 39586 | Elf:3    | Paralysed by an air elemental for 1 turns
 39594 | Elf:3    | Paralysed by an air elemental for 1 turns
 39888 | Elf:3    | Found the dreamshard necklace {Acrobat *Dream}
 39908 | Elf:3    | Got the Vellum of the Tenebrous Faeries
 39914 | Elf:3    | Got Sif Muna's Almanac of Curses
 39952 | Elf:3    | Identified the +5 short sword "Uxucycla" {flame, rElec
                  | Will+ Str+2 Int+3}
 40632 | Vaults:1 | Entered Level 1 of the Vaults
 40640 | Vaults:1 | Learned a level 5 spell: Yara's Violent Unravelling
 40646 | Vaults:1 | Learned a level 5 spell: Silence
 40882 | Vaults:1 | Reached skill level 1 in Hexes
 40893 | Vaults:1 | Reached skill level 1 in Air Magic
 40895 | Vaults:1 | Reached skill level 1 in Alchemy
 40984 | Vaults:1 | Noticed Norris
 41002 | Vaults:1 | Killed Norris
 41004 | Vaults:1 | Reached XP level 21. HP: 106/148 MP: 33/33
 41118 | Vaults:1 | Found Vestrurph's General Store.
 41126 | Vaults:1 | Bought a throwing net for 57 gold pieces
 41126 | Vaults:1 | Bought a scroll of butterflies for 76 gold pieces
 41953 | Vaults:1 | Learned a level 5 spell: Irradiate
 42364 | Vaults:2 | Reached skill level 1 in Conjurations
 42622 | Vaults:2 | Found Barosay's Book Shoppe.
 43176 | Vaults:2 | Identified the +0 plate armour of Mirth {Harm Will+ Dex+4}
 43417 | Vaults:2 | Identified the +1 pair of gloves "Wousem" {Rampage Will+
                  | Regen+}
 43463 | Vaults:2 | Found a staircase to the Crypt.
 43925 | Vaults:3 | You are sucked into a shaft and drop 1 floor!
 44085 | Vaults:3 | Reached XP level 22. HP: 155/155 MP: 34/34
 44267 | Vaults:3 | Reached skill level 5 in Spellcasting
 44371 | Vaults:3 | Reached skill level 10 in Shields
 45468 | Vaults:4 | Noticed Saint Roka
 45476 | Vaults:4 | Killed Saint Roka
 45502 | Vaults:4 | Found a runed translucent gate.
 45502 | Vaults:4 | Found a runed translucent gate.
 45504 | Vaults:4 | Found a runed translucent gate.
 45505 | Vaults:4 | Noticed Heidiaz's ghost (adept MfBe)
 45906 | Vaults:4 | Banished Heidiaz's ghost
 46212 | Vaults:3 | Reached skill level 5 in Conjurations
 46341 | Depths:1 | Entered Level 1 of the Depths
 46413 | Depths:1 | Noticed Mara
 46451 | Depths:1 | Noticed Ge0ff's illusion
 46461 | Depths:1 | Noticed Sojobo
 46698 | Vaults:5 | Entered Level 5 of the Vaults
 46699 | Vaults:5 | Corrupted Vaults:5
 46723 | Vaults:5 | Reached skill level 5 in Hexes
 46774 | Vaults:5 | Noticed a dread lich
 46855 | Vaults:5 | Reached XP level 23. HP: 160/160 MP: 35/35
 47151 | Vaults:5 | Reached skill level 5 in Air Magic
 47214 | Vaults:5 | Reached skill level 5 in Alchemy
 47331 | Abyss:3  | Cast into level 3 of the Abyss (vault guard)
 47390 | Abyss:3  | Killed Psyche
 47445 | Abyss:3  | Found a transporter.
 47520 | Abyss:3  | Found a transporter.
 47527 | Abyss:3  | Got an abyssal rune of Zot
 47528 | Vaults:5 | Escaped the Abyss
 47550 | Vaults:5 | Noticed an ancient lich
 47733 | Vaults:5 | Noticed an ancient lich
 47746 | Vaults:5 | Killed an ancient lich
 47861 | Vaults:5 | Identified the +1 quarterstaff of the Fuzzy God {pain, rN++
                  | Str-2 Int+3 Dex+3}
 48359 | Vaults:5 | Acquired a +2 vampiric demon trident
 48574 | Vaults:4 | Killed a dread lich
 48747 | Vaults:5 | Noticed a golden dragon
 48762 | Vaults:5 | Killed a golden dragon
 48886 | Vaults:5 | Banished an ancient lich
 48887 | Vaults:5 | Reached XP level 24. HP: 168/168 MP: 22/36
 49041 | Vaults:5 | Got a silver rune of Zot
 49242 | Vaults:5 | Identified the amulet "Ubrizoso" {Harm RegenMP+ Dex+3
                  | Slay-2}
 49448 | Vaults:5 | Identified the +10 battleaxe "Yduizup" {speed, rElec rCorr
                  | SInv}
 49448 | Vaults:5 | Identified the ring "Ustredgh" {rC+ Will+ Str+3 SInv}
 49833 | Vaults:5 | Identified the +8 short sword "Jethrewai" {freeze, ^Contam
                  | rC+++}
 50265 | Depths:1 | Found an opulent altar of Gozag.
 50358 | Depths:1 | Reached skill level 15 in Evocations
 50553 | Depths:1 | Found a one-way gateway to a ziggurat.
 50623 | Depths:1 | Noticed Nikola
 50778 | Depths:1 | Learned a level 6 spell: Gell's Gavotte
 50810 | Depths:1 | Found a one-way gate leading to the halls of Pandemonium.
 50906 | Depths:1 | Killed Nikola
 50947 | Depths:1 | Killed Sojobo
 50953 | Depths:1 | Noticed Ge0ff's illusion
 51081 | Depths:1 | Noticed Ge0ff's illusion
 51089 | Depths:1 | Killed Mara
 51186 | Depths:1 | Found a gateway to Hell.
 51530 | Depths:2 | Reached skill level 15 in Armour
 51930 | Depths:2 | Noticed a juggernaut
 51951 | Depths:2 | Banished a juggernaut
 52367 | Depths:2 | Reached skill level 10 in Conjurations
 52410 | Depths:2 | Identified the +1 morningstar of Extinguishment {antimagic,
                  | +Blink rPois Will- Dex+8}
 52690 | Depths:2 | Reached XP level 25. HP: 163/165 MP: 36/36
 52792 | Depths:2 | Identified the amulet of Xutuegg {Reflect SH+5 SInv}
 53174 | Depths:2 | Noticed an ancient lich
 53190 | Depths:2 | Killed an ancient lich
 53435 | Depths:3 | Found a one-way gate to the infinite horrors of the Abyss.
 53924 | Depths:3 | Noticed Margery
 53962 | Depths:3 | Killed Margery
 54693 | Depths:3 | Identified the ring of Surprise {*Slow rElec rPois rC+
                  | Int+6}
 54711 | Depths:3 | Identified the +7 short sword of Mium {venom, rElec rC+}
 54853 | Depths:4 | Entered Level 4 of the Depths
 54961 | Depths:4 | Noticed a juggernaut
 54996 | Depths:4 | Killed a juggernaut
 55702 | Depths:4 | Noticed a juggernaut
 55708 | Depths:4 | Banished a juggernaut
 56067 | Depths:4 | Reached skill level 10 in Spellcasting
 56124 | Depths:4 | Reached XP level 26. HP: 179/179 MP: 37/37
 56429 | Depths:4 | Found a gate to the Realm of Zot.
 56567 | Depths:4 | Found a gate to the Realm of Zot.
 57258 | Hell     | Entered the Vestibule of Hell
 57258 | Hell     | Noticed Geryon
 57261 | Hell     | Corrupted Hell
 57273 | Hell     | Killed Geryon
 57814 | D:13     | You paid a toll of the horn of Geryon to enter a treasure
                  | trove
 57815 | Trove    | Entered a treasure trove
 57817 | Trove    | Found the +15 Maxwell's patent armour {-Cast -Tele rElec
                  | Will+ rCorr}
 57817 | Trove    | Found the +3 pair of seven-league boots {Rampage+∞}
 57819 | Trove    | Identified the +1 pair of boots "Yrghetal" {Str+5 Int+3
                  | Stlth-}
 57832 | Trove    | Identified the +0 buckler of Nemelex Xobeh's Hope {*Slow
                  | Str+3 Int+6 Dex+2}
 57838 | Trove    | Identified the +8 scale mail "Jievar" {+Inv Dex-4 Stlth+}
 57841 | Trove    | Identified the +0 scale mail of Generosity {*Slow rPois
                  | MP+9}
 57844 | Trove    | Identified the +3 hat of Xed Dit {Harm Stlth+}
 57852 | Trove    | Identified the +0 pair of boots of the Fiend {rElec}
 57856 | Trove    | Identified the +0 pair of boots "Loevon" {rN+ Dex+2}
 57860 | Trove    | Identified the +1 pair of boots of the Moon Troll {rF+
                  | Will+ Int+3}
 58039 | Orc:2    | Bought a scroll of fog for 68 gold pieces
 58039 | Orc:2    | Bought a scroll of vulnerability for 68 gold pieces
 58039 | Orc:2    | Bought a scroll of fear for 68 gold pieces
 58039 | Orc:2    | Bought a scroll of vulnerability for 68 gold pieces
 58039 | Orc:2    | Bought a scroll of teleportation for 51 gold pieces
 58158 | D:8      | Bought a scroll of teleportation for 90 gold pieces
 58158 | D:8      | Bought 2 potions of heal wounds for 300 gold pieces
 58368 | Zot:1    | Entered Level 1 of the Realm of Zot
 58583 | Zot:3    | You are sucked into a shaft and drop 1 floor!
 58650 | Zot:3    | Reached skill level 10 in Alchemy
 61003 | Zot:4    | Noticed a Killer Klown
 61013 | Zot:4    | Banished a Killer Klown
 61014 | Zot:4    | Reached skill level 10 in Translocations
 61079 | Zot:4    | Identified the ring of Oprag {rPois AC+4 Slay+3}
 61250 | Zot:4    | Identified the +1 leather armour of Ennui {Str+4 Int+4
                  | SInv}
 61334 | Zot:5    | Entered Level 5 of the Realm of Zot
 61658 | Zot:5    | Reached XP level 27. HP: 184/184 MP: 37/37
 61670 | Zot:5    | Reached skill level 10 in Hexes
 62361 | Zot:5    | Noticed an orb of fire
 62364 | Zot:5    | Killed an orb of fire
 62364 | Zot:5    | Noticed an ancient lich
 62373 | Zot:5    | Killed an ancient lich
 62374 | Zot:5    | Noticed an orb of fire
 62376 | Zot:5    | Gained mutation: You occasionally shout uncontrollably at
                  | your foes. [an orb of fire]
 62393 | Zot:5    | Noticed an ancient lich
 62398 | Zot:5    | Banished an ancient lich
 62399 | Zot:5    | Reached skill level 15 in Shields
 62408 | Zot:5    | Killed an orb of fire
 62493 | Zot:5    | Noticed a dread lich
 62497 | Zot:5    | Banished a dread lich
 62498 | Zot:5    | Reached skill level 10 in Air Magic
 62949 | Zot:5    | Corrupted Zot:5
 63154 | Zot:5    | Reached skill level 5 in Stealth
 63314 | Zot:5    | Got the Orb of Zot
 63416 | Zot:1    | Noticed a seraph
 63917 | D:$      | Escaped with the Orb!

Illustrated notes

Levels and vault maps discovered:
D:1:      dpeg_arrival_leaves_temple_mockup, layout_loops_cross
D:2:      minmay_chambers_of_twos, layout_loops_ring,
          dreamdust_ecumenical_altar_drowned_temple
D:3:      layout_loops_ring, nicolae_qazlal_style_of_elements,
          nicolae_overflow_macrodata_refinement, uniq_sigmund
D:4:      layout_cave_pools, grunt_temple_overflow_growth_and_decay,
          gup_ossuary_entry_pyramid
D:5:      layout_loops_cross, nicolae_gozag_zags_fifth_avenue,
          lightli_temple_of_fire, mrwooster_statue_mirror, bh_walls_and_bars,
          uniq_blork_the_orc, uniq_eustachio, uniq_duvessa
D:6:      layout_loops_ring, lemuel_temple_firewalk_b
D:7:      layout_layer_cave, slow_altar_1, enter_bailey_3, uniq_maurice
D:8:      layout_gridville, serial_shops, shop, uniq_joseph, uniq_psyche
D:9:      minmay_the_grid_octo_tiled_octocenter [minmay_the_grid_octo_empty,
          minmay_the_grid_octo_toaster, minmay_the_grid_octo_pinwheel,
          minmay_the_grid_octo_checkered,
          minmay_the_grid_octo_prize_single_spiral,
          minmay_the_grid_square_5x5_meh, minmay_the_grid_square_5x5_shrine1,
          minmay_the_grid_square_5x5_tri_point,
          minmay_the_grid_square_5x5_eight], layout_loops_corners,
          lair_entry_dummy, uniq_harold
D:10:     layout_basic, david_orc_5
D:11:     layout_loops_corners, gammafunk_ghost_arena, uniq_erolcha
D:12:     layout_rooms, serial_shops, shop, uniq_jorgrun
D:13:     layout_basic, skrybe_vaults_entry_preservation,
          nicolae_trove_entry_path_of_doom
D:14:     layout_loops_ring, bloody_trog, glass_columns_b, uniq_azrael,
          uniq_frances
D:15:     hangedman_depths_entry_civil_slaughter, layout_long_grid,
          chequers_serial_rivers_micro_b, gammafunk_ghost_crypt
Temple:   chequers_temple_sunken
Lair:1:   layout_cave_pods, gauntlet_entry_generic, grunt_megastairs_1,
          infiniplex_staircase_pool_2
Lair:2:   layout_gridlike, nicolae_swamp_entry_splash_gauntlet, basic_altar
Lair:3:   layout_hall_layers, spider_nest_entry_webs,
          chequers_serial_rivers_large_b, kennysheep_abandoned_house
Lair:4:   layout_concentric_octagons, minivault_11, nicolae_lair_grazing_beasts
          [nicolae_sub_lair_graze_edge, nicolae_sub_lair_graze_edge,
          nicolae_sub_lair_graze_edge, nicolae_sub_lair_graze_edge],
          grunt_megastairs_4
Lair:5:   evilmike_catoblepas_cave, layout_loops_ring, slime_entry_2,
          ebering_ghost_inner_flame
Swamp:1:  nicolae_swamp_ascending_descending_big, layout_falls_marsh,
          nicolae_swamp_little_swirl, swamp_pool_1_2,
          nicolae_swamp_catching_bugs
Swamp:2:  gammafunk_worm_tunnel, layout_basic_swamp, infiniplex_staircase_pool,
          swamp_pool_4, nzn_swamp_dancing_lights, uniq_donald
Swamp:3:  layout_falls_marsh, evilmike_swamp_ruin_house_1, swamp_pool_3,
          lightli_tree_ring
Swamp:4:  swamp_basic_johnstein, layout_basic_swamp, swamp_pool_5, uniq_louise,
          uniq_roxanne
Spider:1: layout_spider_delve, drop_trap
Spider:2: layout_spider_delve, uniq_aizul
Spider:3: layout_spider_delve, hangedman_spider_tarantella_strand
Spider:4: grunt_spider_rune_circles, portal_ice_cave_entry_pillars_three,
          drop_trap
Orc:1:    layout_diamond_mine, basic_altar, uniq_snorg, uniq_erica,
          uniq_nergalle
Orc:2:    st_orc_ogre_mass, layout_diamond_mine, einodemon_barbed_minivault
Elf:1:    elf_arrival_002, layout_gridlike, basic_altar, serial_shops, shop,
          guppyfry_library_mini
Elf:2:    elven_hall_of_blades_hangedman_original
          [nicolae_blade_entry_area_security], layout_geoelf_grid,
          grunt_ministairs_10, nicolae_elf_big_sculpture_1
Elf:3:    minmay_elf_hall_circle, layout_geoelf_grid, minmay_elf_annihilation,
          minmay_shop_grove
Vaults:1: nicolae_vaults_shock_wave, nicolae_vaults_shrinking_rooms_1,
          v_misc_33, nicolae_vaults_circle_grid_b, grunt_vaults_focal,
          hangedman_vaults_stream, grunt_vaults_twisty,
          nicolae_vaults_circle_grid_a, nicolae_vaults_stepped_doors,
          nicolae_vaults_network_star, nicolae_vaults_offset_grid_hallway_1,
          layout_vaults_omnibox, serial_shops, shop, uniq_norris
Vaults:2: minmay_crypt_entry_vampire_xt, ontoclasm_vaults_ring_square,
          vaults_room_fours, nicolae_vaults_big_ls, hangedman_vaults_river_flow,
          v_pattern_2, nicolae_vaults_trapezoid_lopsided_4,
          nicolae_vaults_closet_pinwheel_5, vaults_room_pool, vaults_dpeg_hooks,
          nicolae_vaults_heart-shaped_vault, layout_vaults_omnicross,
          serial_shops, shop
Vaults:3: nicolae_vaults_trapezoid_layered, nicolae_vaults_more_shelving_2,
          v_alt_pattern_6, vaults_room_door_ring,
          vaults_mumra_minichess_inversion, nicolae_vaults_asterisk,
          hangedman_vaults_slice, hangedman_vaults_stagger,
          nicolae_vaults_cochlea, nicolae_vaults_apartment_2,
          hangedman_vaults_restitches, nicolae_vaults_cochlea,
          nicolae_vaults_trapezoid_layered, vaults_room_semicircle,
          layout_vaults_ring
Vaults:4: gammafunk_ghost_split, hangedman_vaults_variations,
          ontoclasm_vaults_decontamination, v_misc_1,
          hangedman_vaults_corner_blocks, nicolae_vaults_wine_cellar,
          hangedman_vaults_corner_blocks, nicolae_vaults_tetromino_T_1,
          grunt_vaults_swirl, nicolae_vaults_closet_pinwheel_4,
          layout_vaults_maze_bifur, uniq_saint_roka
Vaults:5
Depths:1: layout_cave_pools, enter_ziggurat_c, grunt_hell_horde,
          rand_demon_pan_entry_9, lemuel_doored_altar, minmay_variable_closet,
          grunt_potential, uniq_sojobo, uniq_mara, uniq_nikola
Depths:2: lemuel_river_lethe, pan_entry, hell_entry
Depths:3: minmay_expanding_squares, layout_long_grid, abyss_entry, hell_entry,
          minmay_metal_thing, infiniplex_staircase_x, uniq_margery
Depths:4: grunt_zot_entry_bicorn, layout_gridlike, grunt_hell_entry_dis_grunt,
          nicolae_wwwww, drop_trap
Hell
Zot:1:    layout_misc_corridors, regret_index_zotdec_icy_dp, uniq_vv
Zot:2:    layout_misc_corridors
Zot:3:    layout_onion_interference, grunt_megastairs_2
Zot:4:    minmay_elemental_castle, layout_concentric_octagons
Zot:5:    layout_gridlike

Skill      XL: |  1  2  3  4  5  6  7  8  9 10 11 12 13 14 15 16 17 18 19 20 21 22 23 24 25 26 27 |
---------------+----------------------------------------------------------------------------------+-----
Short Blades   | 2 3 |  3.5
Fighting       | 3 5 7 10 12 14 17 20 21 22 | 22.0
Dodging        | 1 3 4 6 8 10 | 10.2
Armour         | 1 2 4 5 8 10 11 13 14 15 17 18 | 18.3
Polearms       | 2 4 5 6 8 10 12 13 14 | 14.0
Evocations     | 3 4 7 9 10 12 13 14 15 | 15.0
Invocations    | 4 7 8 10 11 13 15 16 17 18 19 20 22 | 22.1
Throwing       | 2 6 |  6.0
Spellcasting   | 2 3 4 6 7 8 10 | 10.0
Translocations | 5 6 7 8 10 | 10.7
Shields        | 3 5 7 8 9 10 11 12 13 14 15 | 15.0
Hexes          | 1 3 5 6 7 8 9 10 | 10.0
Air Magic      | 1 3 4 5 6 7 9 10 | 10.0
Alchemy        | 1 3 4 6 8 9 10 | 10.0
Conjurations   | 3 5 8 10 | 10.0
Stealth        | 5 |  5.7

Action                     |  1- 3 |  4- 6 |  7- 9 | 10-12 | 13-15 | 16-18 | 19-21 | 22-24 | 25-27 || total
---------------------------+-------+-------+-------+-------+-------+-------+-------+-------+-------++-------
  Melee: Dagger            |   109 |   114 |       |       |       |       |       |       |       ||   223
         Lance             |       |    14 |   280 |   620 |   738 |       |       |       |       ||  1652
         Demon trident     |       |       |       |       |   481 |  1266 |  1595 |  1883 |  1633 ||  6858
  Throw: Dart              |    29 |    42 |    11 |    85 |    98 |    63 |       |       |     3 ||   331
         Stone             |       |       |    27 |       |       |       |       |       |       ||    27
         Throwing net      |       |       |       |       |     1 |       |       |       |       ||     1
         Boomerang         |       |       |       |       |       |    46 |   427 |       |    25 ||   498
   Cast: Maxwell's Portabl |       |       |       |    14 |     2 |       |     2 |       |       ||    18
         Blink             |       |       |       |       |       |     1 |     2 |     3 |     2 ||     8
         Apportation       |       |       |       |       |       |       |       |     1 |    12 ||    13
         Irradiate         |       |       |       |       |       |       |       |     8 |    71 ||    79
         Silence           |       |       |       |       |       |       |       |     2 |     1 ||     3
         Gell's Gavotte    |       |       |       |       |       |       |       |       |     9 ||     9
         Yara's Violent Un |       |       |       |       |       |       |       |       |     4 ||     4
 Invoke: Banish            |       |       |       |     5 |     6 |     5 |       |       |       ||    16
         Brand Weapon With |       |       |       |       |     1 |       |       |       |       ||     1
         Corrupt           |       |       |       |       |       |     2 |     1 |     1 |     2 ||     6
         Depart the Abyss  |       |       |       |       |       |       |       |     1 |       ||     1
  Evoke: Wand              |       |       |     7 |    13 |       |    13 |    30 |   117 |    54 ||   234
         Lightning rod     |       |       |       |     6 |    13 |    15 |    21 |    23 |    17 ||    95
         Phial of floods   |       |       |       |       |       |       |       |     4 |     1 ||     5
         Tin of tremorston |       |       |       |       |       |       |       |     3 |     5 ||     8
         Sack of spiders   |       |       |       |       |       |       |       |     1 |     2 ||     3
         Phantom mirror    |       |       |       |       |       |       |       |       |     1 ||     1
    Use: Scroll            |       |     3 |     6 |    20 |    14 |    13 |    14 |    19 |    10 ||    99
         Potion            |       |       |       |     4 |     2 |     2 |     3 |     5 |     8 ||    24
   Stab: Sleeping          |     8 |     9 |     7 |     3 |     3 |     6 |    11 |     8 |     6 ||    61
         Distracted        |       |       |     1 |       |       |     1 |     1 |     5 |     6 ||    14
         Invisible         |       |       |       |       |     2 |       |       |       |       ||     2
         Petrifying        |       |       |       |       |     2 |       |       |       |       ||     2
         Confused          |       |       |       |       |       |       |       |       |     1 ||     1
         Betrayed ally     |       |       |       |       |       |       |       |       |     1 ||     1
 Armour: Robe              |    48 |    49 |   123 |   252 |   409 |     2 |       |       |       ||   883
         Troll leather arm |       |       |       |       |    37 |   569 |   811 |   910 |   866 ||  3193
  Dodge: Dodged            |    55 |    49 |   101 |   148 |   233 |   240 |   496 |   461 |   442 ||  2225
  Block: Other             |       |     2 |    33 |    37 |       |       |       |       |       ||    72
         Reflection        |       |       |     1 |    10 |    25 |    32 |    83 |    44 |    18 ||   213
         Buckler           |       |       |       |   131 |   441 |   298 |   246 |       |       ||  1116
         Kite shield       |       |       |       |       |       |       |   299 |   552 |   648 ||  1499

Table legend: (Time is in decaauts)
 A = Elapsed time spent in this place.
 B = Non-inter-level travel time spent in this place.
 C = Inter-level travel time spent in this place.
 D = Time resting spent in this place.
 E = Time spent auto-exploring this place.
 F = Levels seen in this place.
 G = Mean time per level.
                   A        B        C        D        E       F      G
               +--------+--------+--------+--------+--------+-----+--------+
         Total |  61387 |  55597 |   5790 |   4067 |  32295 |  55 | 1116.1 |
       Dungeon |  19611 |  16836 |   2775 |   1007 |  11500 |  15 | 1307.4 |
        Temple |      1 |      1 |      0 |      0 |      0 |   1 |    1.0 |
          Lair |   6253 |   5862 |    391 |     57 |   4094 |   5 | 1250.6 |
         Swamp |   3610 |   3442 |    168 |    267 |   1884 |   4 |  902.5 |
   Spider Nest |   4073 |   3707 |    366 |     50 |   2523 |   4 | 1018.2 |
  Orcish Mines |   1704 |   1392 |    312 |     38 |    934 |   2 |  852.0 |
   Elven Halls |   3371 |   3188 |    183 |    447 |   1539 |   3 | 1123.7 |
        Vaults |   8492 |   7671 |    821 |    391 |   3901 |   5 | 1698.4 |
        Depths |   6836 |   6327 |    509 |    462 |   3389 |   4 | 1709.0 |
          Hell |    386 |    386 |      0 |    281 |      0 |   1 |  386.0 |
           Zot |   4801 |   4541 |    260 |    918 |   1623 |   5 |  960.2 |
         Abyss |    156 |    156 |      0 |      0 |      0 |   1 |  156.0 |
         Trove |     57 |     57 |      0 |      0 |      4 |   1 |   57.0 |
       Ossuary |    305 |    305 |      0 |     42 |     29 |   1 |  305.0 |
        Bailey |    837 |    837 |      0 |     56 |    428 |   1 |  837.0 |
      Ice Cave |    143 |    143 |      0 |      0 |     25 |   1 |  143.0 |
      Gauntlet |    741 |    741 |      0 |     47 |    421 |   1 |  741.0 |
               +--------+--------+--------+--------+--------+-----+--------+

Top non-repeatable levels by time:
     D:9: 2975 daAuts
Vaults:5: 2882 daAuts
Depths:4: 2425 daAuts
   Zot:4: 2088 daAuts
    D:15: 1896 daAuts
    D:10: 1823 daAuts
Depths:2: 1675 daAuts
   Zot:5: 1658 daAuts
  Lair:5: 1571 daAuts
Vaults:1: 1559 daAuts
Depths:3: 1490 daAuts
Vaults:2: 1471 daAuts
Spider:4: 1377 daAuts
    D:11: 1375 daAuts
Vaults:3: 1361 daAuts
